 Dungeon Crawl Stone Soup version 0.17-a0-1210-g1e4f09d (webtiles) character file.

1074 kidanger the Sneak (level 8, -2/60 HPs)
             Began as a Vampire Monk on June 4, 2015.
             Was a Believer of Kikubaaqudgha.
             Slain by an orc
             ... wielding a +0 whip
              (3 damage)
             ... on level 5 of the Dungeon.
             The game lasted 00:22:19 (4280 turns).

kidanger the Sneak (Vampire Monk)                   Turns: 4280, Time: 00:22:19

Health: -2/60      AC:  6    Str: 10    XL:     8   Next: 7%
Magic:  8/8        EV: 11    Int: 13    God:    Kikubaaqudgha [**....]
Gold:   281        SH:  0    Dex: 18    Spells: 0 memorised, 7 levels left

rFire  . . .     SeeInvis +     k - +2 dagger (flame)
rCold  . . .     Clarity  .     m - +2 leather armour {MR+}
rNeg   . . .     SustAt   .     (no shield)
rPois  .         Gourm    .     (no helmet)
rElec  .         Spirit   .     (no cloak)
rCorr  .         Warding  .     p - +0 pair of gloves
rMut   .         Stasis   .     (no boots)
MR     +....                    (no amulet)
Stlth  ++++......               (no ring)
                                o - ring of flight

@: regenerating quickly, somewhat resistant to hostile enchantments, stealthy
A: fangs 3, see invisible, unbreathing
a: Receive Corpses, Renounce Religion, Evoke Flight


You were on level 5 of the Dungeon.
You worshipped Kikubaaqudgha.
Kikubaaqudgha was pleased with you.
You were full.

You visited 2 branches of the dungeon, and saw 7 of its levels.

You collected 281 gold pieces.

Inventory:

Hand weapons
 k - a +2 dagger of flaming (weapon)
 w - a +1 shortbow of flaming
Missiles
 x - 21 arrows
Armour
 g - a +1 robe of cold resistance
 m - a +2 leather armour of magic resistance (worn)
 p - a +0 pair of gloves (worn)
Jewellery
 o - a ring of flight (left hand)
Magical devices
 s - a wand of frost (9)
Scrolls
 d - a scroll of random uselessness {unknown}
 h - a scroll of enchant weapon
 i - a scroll of teleportation {unknown}
 j - 3 scrolls of remove curse {unknown}
 n - 2 scrolls of amnesia {unknown}
 q - a scroll of enchant armour {unknown}
 r - a scroll of identify
 t - a scroll of noise {unknown}
Potions
 a - a potion of haste {unknown}
 b - 6 potions of blood
 c - a potion of mutation {unknown}
 e - a potion of poison {unknown}
 f - a potion of experience {unknown}
 l - 2 potions of degeneration
 u - 2 potions of heal wounds {unknown}
 v - a potion of curing {unknown}
 z - a potion of resistance {unknown}


   Skills:
 + Level 4.0 Fighting
 + Level 2.9 Short Blades
 + Level 6.7 Dodging
 + Level 7.2 Stealth
 + Level 6.8 Unarmed Combat


You had 7 spell levels left.
You didn't know any spells.

Dungeon Overview and Level Annotations

Branches:
Dungeon (6/15)             Temple (1/1) D:6

Altars:
Ashenzari
Fedhas
Gozag
Kikubaaqudgha
Nemelex Xobeh
Qazlal
Ru
Trog
Xom
Zin
The Shining One

Annotations:
D:5 Eustachio


Innate Abilities, Weirdness & Mutations

Your natural rate of healing is unusually fast.
You have razor-sharp teeth.
You have supernaturally acute eyesight.
You can survive without breathing.


Message History

The orc barely misses you. The orc misses you. The orc hits you with a spear.
The orc priest calls down the wrath of Beogh upon you.
You easily resist.
The orc misses you.
You barely miss the orc priest. The orc completely misses you.
The orc barely misses you. The orc completely misses you.
The orc closely misses you. The orc misses you.
The orc priest barely misses you. The orc completely misses you.
The orc completely misses you.
You barely miss the orc priest. The orc hits you with a whip.
The orc barely misses you. The orc closely misses you. The orc misses you.
The orc hits you with a mace!
* * * LOW HITPOINT WARNING * * *
The orc priest mumbles some strange prayers to Beogh against you.
Something smites you!
* * * LOW HITPOINT WARNING * * *
The orc misses you.
You can't go up here!
The orc closely misses you. The orc hits you with a whip.
You die...
Kikubaaqudgha rasps: "You have failed me!
Welcome... oblivion!"

#........# ##..
#........# #...
####.##### #!.. #.....##
. #... ##......#######..
##...
#................###....
.......Z................
......ooo.....######....
#.....o@o#.?............
##....oo)oo..# ###....
#.......#...# #....
#...!...##...# #....
........# #.#.. ......
###...... #. ... ...#..
######. o. .. ### # oo .
...


You could see an orc priest, 8 orcs and a giant frog zombie.

Vanquished Creatures
  A hungry ghost (D:3)
  A phantom (D:4)
  2 sky beasts (D:5)
  3 ogres (D:4)
  A centaur (D:5)
  A scorpion (D:4)
  A centaur skeleton (D:4)
  2 jellies
  Jessica (D:2)
  An iguana (D:5)
  5 adders
  2 gnolls (D:5)
  A shadow imp (D:5)
  An ooze (D:1)
  2 worms (D:3)
  5 orcs
  10 giant cockroaches
  9 hobgoblins
  2 quokkas (D:4)
  2 ball pythons
  12 bats
  3 giant geckos
  3 giant newts (D:3)
  7 goblins
  2 jackal skeletons (D:4)
  3 kobolds
  8 rats
91 creatures vanquished.

Notes
Turn   | Place    | Note
--------------------------------------------------------------
     0 | D:1      | kidanger the Vampire Monk began the quest for the Orb.
     0 | D:1      | Reached XP level 1. HP: 17/17 MP: 1/1
    38 | D:1      | Reached XP level 2. HP: 8/23 MP: 2/2
   897 | D:2      | Noticed Jessica
   908 | D:2      | Killed Jessica
   908 | D:2      | Reached XP level 3. HP: 7/29 MP: 3/3
  1329 | D:2      | Found a blossoming altar of Fedhas.
  1455 | D:2      | Reached XP level 4. HP: 33/35 MP: 4/4
  1639 | D:3      | Noticed a hungry ghost
  1669 | D:3      | Killed a hungry ghost
  1669 | D:3      | Reached skill level 5 in Dodging
  1669 | D:3      | Reached skill level 5 in Unarmed Combat
  1669 | D:3      | Reached XP level 5. HP: 32/41 MP: 5/5
  2426 | D:3      | Reached XP level 6. HP: 32/47 MP: 6/6
  2617 | D:4      | Found a bloodstained altar of Trog.
  2662 | D:4      | Reached skill level 5 in Stealth
  2673 | D:4      | Reached skill level 1 in Short Blades
  2794 | D:4      | Noticed an angel
  2795 | D:4      | Found a glowing silver altar of Zin.
  3135 | D:4      | Reached skill level 6 in Dodging
  3135 | D:4      | Reached XP level 7. HP: 27/53 MP: 7/7
  3686 | D:5      | Entered Level 5 of the Dungeon
  3816 | D:5      | Reached skill level 7 in Stealth
  3852 | D:5      | Noticed Eustachio
  3882 | D:5      | Reached XP level 8. HP: 36/60 MP: 8/8
  4074 | D:6      | Found a staircase to the Ecumenical Temple.
  4079 | Temple   | Entered the Ecumenical Temple
  4131 | Temple   | Became a worshipper of Kikubaaqudgha
  4131 | Temple   | Acquired Kikubaaqudgha's first power
  4131 | Temple   | Received a gift from Kikubaaqudgha
  4131 | Temple   | Acquired Kikubaaqudgha's second power
  4279 | D:5      | HP: 1/60 [orc priest/divine providence (15)]
  4280 | D:5      | Slain by an orc

Vault maps used:
D:1:      tarquinn_simple_flora_water_e
D:2:      fedhas_altar_1, uniq_jessica
D:3:      first_bread, amethyst_killhole, hangedman_decor_slide_cut
D:4:      zin_angel, bloody_trog
D:5:      uniq_eustachio, uniq_crazy_yiuf_cottage, uniq_blork_the_orc
D:6:      temple_doors_e, serial_shops, nicolae_shop_stone,
          nicolae_shop_temple_entry_statues_fountains, nicolae_shop_crystal,
          nicolae_shop_window_shopping
Temple:   temple_eino_lava_8

Action                   |  1- 3 |  4- 6 |  7- 9 || total
-------------------------+-------+-------+-------++-------
Melee: Unarmed           |   110 |   132 |    24 ||   266
       Dagger            |       |    34 |   102 ||   136
 Fire: Shortbow          |       |       |     3 ||     3
 Abil: Evoke Flight      |       |       |     1 ||     1
  Use: Scroll            |       |     2 |     1 ||     3
       Potion            |       |     2 |       ||     2
 Stab: Sleeping          |     7 |     8 |     8 ||    23
  Eat: Corpse            |     4 |     8 |     4 ||    16
